BLB
SEATTLE PILOTS @ MONTREAL EXPORTS
05/16/2060
 
TOP OF THE 1ST
Seattle Pilots batting - Pitching for Montreal Exports : LHP Evan Dean
Pitching: LHP Evan Dean
Batting: RHB Douglas Morrison 0-0: Ball
1-0: Foul Ball, location: 2F
1-1: SINGLE (Line Drive, 9S, EV 103.1 MPH)
Batting: LHB Ryan Carr 0-0: Ball
Douglas Morrison is caught stealing 2nd base 2-6
1-0: Ball
2-0: Ball
3-0: Swinging Strike
3-1: Base on Balls
Batting: LHB Cade McCormick 0-0: Called Strike
0-1: Ball
1-1: Ball
2-1: SINGLE (Line Drive, 8RS, EV 99.4 MPH)
Ryan Carr to second
Batting: RHB Jerry Coleman 0-0: Called Strike
0-1: Ball
Wild Pitch!
Ryan Carr to third
Cade McCormick to second
1-1: Ball
2-1: Foul Ball, location: 2F
2-2: Ball
3-2: Base on Balls
Batting: RHB Jesse Baker 0-0: Ball
1-0: Foul Ball, location: 2F
1-1: Foul Ball, location: 2F
1-2: SINGLE (Groundball, 4MD, EV 104.4 MPH)
Ryan Carr scores
Cade McCormick to third
Jerry Coleman to second
Runner from 3rd tries for Home, SAFE, throw by CF to home
Jerry Coleman to third
Jesse Baker to second
Batting: RHB Nickolas Kennedy 0-0: Ball
1-0: SINGLE (Groundball, 4MD, EV 105.0 MPH)
Jerry Coleman scores
Jesse Baker to third
Runner from 3rd tries for Home, SAFE, throw by CF to home
Nickolas Kennedy to second
Batting: RHB Cole Kleiner 0-0: Called Strike
Nickolas Kennedy steals 3rd base
0-1: Ball
1-1: DOUBLE (Line Drive, 78M, EV 93.1 MPH)
Nickolas Kennedy scores
Batting: RHB Kynan Shaw 0-0: Ball
1-0: SINGLE (Groundball, 6S, EV 63.8 MPH) (infield hit)
Cole Kleiner to third
Pitching: RHP Curtis Simon
Batting: RHB Dave Regan Pickoff Throw to First - Error! E1
Cole Kleiner scores
Kynan Shaw to second
0-0: Ball
1-0: Ground out 6-3 (Groundball, 6S, EV 86.9 MPH)
Kynan Shaw to third
Batting: RHB Douglas Morrison 0-0: Ball
1-0: Foul Ball, location: 2F
1-1: Foul Ball, location: 2F
1-2: Foul Ball, location: 2F
1-2: SINGLE (Line Drive, 8RS, EV 94.4 MPH)
Kynan Shaw scores
Batting: LHB Ryan Carr 0-0: Ball
Douglas Morrison steals 2nd base
1-0: Foul Ball, location: 2F
1-1: Foul Ball, location: 2F
1-2: Strikes out swinging
Top of the 1st over - 7 runs, 7 hits, 1 error, 1 left on base; Seattle 7 - Montreal 0
BOTTOM OF THE 1ST
Montreal Exports batting - Pitching for Seattle Pilots : RHP B.B. Trynkov
Pitching: RHP B.B. Trynkov
Batting: LHB Teddy Burch 0-0: Foul Ball, location: 2F
0-1: Foul Ball, location: 2F
0-2: Ball
1-2: Ball
2-2: Foul Ball, location: 2F
2-2: Ball
3-2: Strikes out swinging
Batting: RHB Landon Zitter 0-0: Called Strike
0-1: SINGLE (Line Drive, 56D, EV 93.8 MPH)
Batting: RHB Henry Miller 0-0: SINGLE (Line Drive, 6MD, EV 98.8 MPH)
Landon Zitter to second
Batting: LHB Josh Plautz 0-0: SINGLE (Groundball, 34D, EV 105.0 MPH)
Landon Zitter to third
Henry Miller to second
Runner from 3rd tries for Home, SAFE, throw by RF to home
Batting: RHB Kyle Levin 0-0: Ball
Henry Miller is caught stealing 3rd base 2-5
1-0: Foul Ball, location: 2F
1-1: Foul Ball, location: 2F
1-2: Ball
2-2: Ball
3-2: Base on Balls
Josh Plautz to second
Batting: RHB Eli Tracy 0-0: Called Strike
0-1: Called Strike
0-2: Strikes out swinging
Bottom of the 1st over - 1 run, 3 hits, 0 errors, 2 left on base; Seattle 7 - Montreal 1
TOP OF THE 2ND
Seattle Pilots batting - Pitching for Montreal Exports : RHP Curtis Simon
Batting: LHB Cade McCormick 0-0: Called Strike
0-1: Called Strike
0-2: Strikes out swinging
Batting: RHB Jerry Coleman 0-0: Ball
1-0: Swinging Strike
1-1: Ball
2-1: Ball
3-1: Called Strike
3-2: Strikes out swinging
Batting: RHB Jesse Baker 0-0: Ball
1-0: Ground out 6-3 (Groundball, 6MD, EV 96.9 MPH)
Top of the 2nd over - 0 runs, 0 hits, 0 errors, 0 left on base; Seattle 7 - Montreal 1
BOTTOM OF THE 2ND
Montreal Exports batting - Pitching for Seattle Pilots : RHP B.B. Trynkov
Batting: RHB Max Johnson 0-0: Fly out, F7 (Flyball, 7, EV 78.8 MPH)
Batting: RHB Cody Henning 0-0: Fly out, F7 (Flyball, 7D, EV 88.8 MPH)
Batting: RHB Al Bush 0-0: Ball
1-0: Ball
2-0: Ball
3-0: Called Strike
3-1: Swinging Strike
3-2: Fly out, F9 (Line Drive, 89M, EV 98.1 MPH)
Bottom of the 2nd over - 0 runs, 0 hits, 0 errors, 0 left on base; Seattle 7 - Montreal 1
TOP OF THE 3RD
Seattle Pilots batting - Pitching for Montreal Exports : RHP Curtis Simon
Batting: RHB Nickolas Kennedy 0-0: Ball
1-0: Called Strike
1-1: SINGLE (Groundball, 34D, EV 98.1 MPH)
Batting: RHB Cole Kleiner 0-0: Called Strike
0-1: Called Strike
0-2: Ball
1-2: Strikes out swinging
Batting: RHB Kynan Shaw 0-0: Ball
1-0: Called Strike
1-1: Swinging Strike
1-2: Ball
2-2: Strikes out looking
Batting: RHB Dave Regan 0-0: Ball
1-0: Foul Ball, location: 2F
1-1: Foul Ball, location: 2F
1-2: Foul Ball, location: 2F
1-2: Ball
2-2: Foul Ball, location: 2F
2-2: Ball
3-2: Strikes out looking
Top of the 3rd over - 0 runs, 1 hit, 0 errors, 1 left on base; Seattle 7 - Montreal 1
BOTTOM OF THE 3RD
Montreal Exports batting - Pitching for Seattle Pilots : RHP B.B. Trynkov
Batting: LHB Teddy Burch 0-0: Ground out U3 (Groundball, 3, EV 105.0 MPH)
Batting: RHB Landon Zitter 0-0: Ball
1-0: Ball
2-0: Swinging Strike
2-1: Called Strike
2-2: Foul Ball, location: 2F
2-2: Ball
3-2: Foul Ball, location: 2F
3-2: Foul Ball, location: 2F
3-2: Strikes out swinging
Batting: RHB Henry Miller 0-0: Called Strike
0-1: Ball
1-1: SINGLE (Groundball, 6MD, EV 96.9 MPH)
Batting: LHB Josh Plautz 0-0: Ball
Henry Miller steals 2nd base
1-0: Ground out 1-3 (Groundball, 13S, EV 75.6 MPH)
Bottom of the 3rd over - 0 runs, 1 hit, 0 errors, 1 left on base; Seattle 7 - Montreal 1
TOP OF THE 4TH
Seattle Pilots batting - Pitching for Montreal Exports : RHP Curtis Simon
Batting: RHB Douglas Morrison 0-0: Ball
1-0: Called Strike
1-1: Called Strike
1-2: Strikes out swinging
Batting: LHB Ryan Carr 0-0: Ball
1-0: Ball
2-0: SINGLE (Line Drive, 4MD, EV 95.0 MPH)
Batting: LHB Cade McCormick 0-0: Ball
1-0: Called Strike
1-1: Ball
2-1: DOUBLE (Line Drive, 9LS, EV 108.1 MPH)
Ryan Carr to third
Batting: RHB Jerry Coleman 0-0: Ball
1-0: Foul Ball, location: 2F
1-1: Foul Ball, location: 2F
1-2: Strikes out swinging
Batting: RHB Jesse Baker 0-0: Ball
1-0: Foul Ball, location: 2F
1-1: Ball
2-1: Swinging Strike
2-2: Ground out 6-3 (Groundball, 6, EV 83.8 MPH)
Top of the 4th over - 0 runs, 2 hits, 0 errors, 2 left on base; Seattle 7 - Montreal 1
BOTTOM OF THE 4TH
Montreal Exports batting - Pitching for Seattle Pilots : RHP B.B. Trynkov
Batting: RHB Kyle Levin 0-0: Fly out, F7 (Flyball, 78D, EV 88.8 MPH)
Batting: RHB Eli Tracy 0-0: Ball
1-0: Ball
2-0: Called Strike
2-1: Ball
3-1: Base on Balls
Batting: RHB Max Johnson 0-0: Called Strike
0-1: Ball
1-1: Foul Ball, location: 2F
1-2: Foul Ball, location: 2F
1-2: Fly out, F9 (Flyball, 9, EV 81.2 MPH)
Batting: RHB Cody Henning 0-0: Called Strike
0-1: Foul Ball, location: 2F
0-2: Fielders Choice at 2nd, 6-4 (Groundball, 6, EV 107.5 MPH)
Bottom of the 4th over - 0 runs, 0 hits, 0 errors, 1 left on base; Seattle 7 - Montreal 1
TOP OF THE 5TH
Seattle Pilots batting - Pitching for Montreal Exports : RHP Curtis Simon
Batting: RHB Nickolas Kennedy 0-0: Called Strike
0-1: Ball
1-1: Fly out, F9 (Flyball, 9, EV 91.2 MPH)
Batting: RHB Cole Kleiner 0-0: Ball
1-0: SINGLE (Groundball, 4MD, EV 103.1 MPH)
Pitching: RHP Rourke Veloukhiotis
Batting: RHB Kynan Shaw 0-0: Foul Ball, location: 2F
0-1: Ball
1-1: Fly out, F4 (Flyball, 4D, EV 85.0 MPH)
Batting: RHB Dave Regan 0-0: Ball
1-0: Foul Ball, location: 2F
1-1: Foul Ball, location: 2F
1-2: Foul Ball, location: 2F
1-2: Strikes out looking
Top of the 5th over - 0 runs, 1 hit, 0 errors, 1 left on base; Seattle 7 - Montreal 1
BOTTOM OF THE 5TH
Montreal Exports batting - Pitching for Seattle Pilots : RHP B.B. Trynkov
Batting: RHB Al Bush 0-0: Ball
1-0: Foul Ball, location: 2F
1-1: Ball
2-1: Called Strike
2-2: Ball
3-2: Foul Ball, location: 2F
3-2: Foul Ball, location: 2F
3-2: Ground out 1-3 (Groundball, 34S, EV 69.4 MPH)
Batting: LHB Teddy Burch 0-0: Called Strike
0-1: Foul Ball, location: 2F
0-2: Fly out, F8 (Flyball, 8RS, EV 95.0 MPH)
Batting: RHB Landon Zitter 0-0: Ball
1-0: Foul Ball, location: 2F
1-1: Ball
2-1: Ball
3-1: Foul Ball, location: 2F
3-2: Base on Balls
Batting: RHB Henry Miller 0-0: Called Strike
0-1: Ball
1-1: Called Strike
Landon Zitter steals 2nd base
1-2: Strikes out swinging
Bottom of the 5th over - 0 runs, 0 hits, 0 errors, 1 left on base; Seattle 7 - Montreal 1
TOP OF THE 6TH
Seattle Pilots batting - Pitching for Montreal Exports : RHP Rourke Veloukhiotis
Batting: RHB Douglas Morrison 0-0: Called Strike
0-1: Ground out U3 (Groundball, 3, EV 83.8 MPH)
Batting: LHB Ryan Carr 0-0: Ball
1-0: Ball
2-0: Foul Ball, location: 2F
2-1: Foul Ball, location: 2F
2-2: Strikes out swinging
Batting: LHB Cade McCormick 0-0: Ball
1-0: Ball
2-0: Called Strike
2-1: Ball
3-1: Swinging Strike
3-2: Foul Ball, location: 2F
3-2: Foul Ball, location: 2F
3-2: Base on Balls
Batting: RHB Jerry Coleman 0-0: Ball
1-0: Called Strike
1-1: Ball
2-1: Called Strike
2-2: Strikes out swinging
Top of the 6th over - 0 runs, 0 hits, 0 errors, 1 left on base; Seattle 7 - Montreal 1
BOTTOM OF THE 6TH
Montreal Exports batting - Pitching for Seattle Pilots : RHP B.B. Trynkov
Batting: LHB Josh Plautz 0-0: Ball
1-0: Called Strike
1-1: Called Strike
1-2: SINGLE (Line Drive, 78S, EV 103.8 MPH)
Batting: RHB Kyle Levin 0-0: Called Strike
0-1: Called Strike
0-2: Foul Ball, location: 2F
0-2: Ball
1-2: Foul Ball, location: 2F
1-2: Foul Ball, location: 2F
1-2: Grounds into double play, 5-4-3 (Groundball, 5, EV 99.4 MPH)
Batting: RHB Eli Tracy 0-0: Ball
1-0: Foul Ball, location: 2F
1-1: Called Strike
1-2: Strikes out swinging
Bottom of the 6th over - 0 runs, 1 hit, 0 errors, 0 left on base; Seattle 7 - Montreal 1
TOP OF THE 7TH
Seattle Pilots batting - Pitching for Montreal Exports : RHP Rourke Veloukhiotis
Batting: RHB Jesse Baker 0-0: Ball
1-0: Ball
2-0: Ball
3-0: Called Strike
3-1: Called Strike
3-2: SOLO HOME RUN (Flyball, 78XD, EV 96.9 MPH), Distance : 387 ft
Batting: RHB Nickolas Kennedy 0-0: Called Strike
0-1: Called Strike
0-2: Ball
1-2: Strikes out looking
Batting: RHB Cole Kleiner 0-0: Swinging Strike
0-1: Called Strike
0-2: Foul Ball, location: 2F
0-2: SINGLE (Line Drive, 9LM, EV 105.0 MPH)
Batting: RHB Kynan Shaw 0-0: Ball
1-0: Called Strike
1-1: Called Strike
1-2: Foul Ball, location: 2F
1-2: Ball
2-2: Ball
3-2: Strikes out swinging
Batting: RHB Dave Regan 0-0: Foul Ball, location: 2F
0-1: SINGLE (Line Drive, 4D, EV 96.9 MPH)
Cole Kleiner to second
Batting: RHB Douglas Morrison 0-0: Ball
1-0: Ball
2-0: Called Strike
2-1: Foul Ball, location: 2F
2-2: Strikes out looking
Top of the 7th over - 1 run, 3 hits, 0 errors, 2 left on base; Seattle 8 - Montreal 1
BOTTOM OF THE 7TH
Montreal Exports batting - Pitching for Seattle Pilots : RHP B.B. Trynkov
Batting: RHB Max Johnson 0-0: Called Strike
0-1: Foul Ball, location: 2F
0-2: Ground out 4-3 (Groundball, 4S, EV 87.5 MPH)
Batting: RHB Cody Henning 0-0: Foul Ball, location: 2F
0-1: Called Strike
0-2: Ball
1-2: Ground out 1-3 (Groundball, 34S, EV 70.0 MPH)
Batting: RHB Al Bush 0-0: Foul Ball, location: 2F
0-1: Swinging Strike
0-2: Ball
1-2: Ball
2-2: Ball
3-2: Base on Balls
Batting: LHB Teddy Burch 0-0: SINGLE (Groundball, 4MD, EV 95.6 MPH)
Al Bush to second
Batting: RHB Landon Zitter 0-0: Ball
1-0: Ground out 6-3 (Groundball, 6S, EV 76.9 MPH)
Bottom of the 7th over - 0 runs, 1 hit, 0 errors, 2 left on base; Seattle 8 - Montreal 1
TOP OF THE 8TH
Seattle Pilots batting - Pitching for Montreal Exports : RHP Rourke Veloukhiotis
Pitching: RHP Erick Krall
Batting: LHB Ryan Carr 0-0: Foul Ball, location: 2F
0-1: Called Strike
0-2: Ball
1-2: Foul Ball, location: 2F
1-2: Ball
2-2: Strikes out swinging
Batting: LHB Cade McCormick 0-0: Called Strike
0-1: Foul Ball, location: 2F
0-2: Foul Ball, location: 2F
0-2: Strikes out looking
Batting: RHB Jerry Coleman 0-0: Fly out, F8 (Flyball, 8LM, EV 77.5 MPH)
Top of the 8th over - 0 runs, 0 hits, 0 errors, 0 left on base; Seattle 8 - Montreal 1
BOTTOM OF THE 8TH
Montreal Exports batting - Pitching for Seattle Pilots : RHP B.B. Trynkov
Batting: RHB Henry Miller 0-0: Ball
1-0: Swinging Strike
1-1: Foul Ball, location: 2F
1-2: SINGLE (Flyball, 9S, EV 91.9 MPH)
Batting: LHB Josh Plautz 0-0: Ball
1-0: Ball
2-0: Ball
3-0: Called Strike
3-1: Fly out, F8 (Flyball, 8LXD, EV 96.9 MPH)
Pitching: RHP Kris Hansen
Batting: RHB Kyle Levin 0-0: Called Strike
0-1: Ball
1-1: Ball
2-1: Foul Ball, location: 2F
2-2: Foul Ball, location: 2F
2-2: Foul Ball, location: 2F
2-2: Strikes out swinging
Batting: RHB Eli Tracy 0-0: SINGLE (Line Drive, 9S, EV 96.2 MPH)
Henry Miller to second
Batting: RHB Max Johnson 0-0: Ball
1-0: Ball
2-0: Ball
3-0: Called Strike
3-1: Base on Balls
Henry Miller to third
Eli Tracy to second
Batting: RHB Cody Henning 0-0: Ball
1-0: Ball
2-0: Foul Ball, location: 2F
2-1: Fielders Choice at 2nd, 6-4 (Groundball, 6, EV 85.6 MPH)
Bottom of the 8th over - 0 runs, 2 hits, 0 errors, 3 left on base; Seattle 8 - Montreal 1
TOP OF THE 9TH
Seattle Pilots batting - Pitching for Montreal Exports : RHP Erick Krall
Pitching: LHP Devantae Kim
Batting: RHB Jesse Baker 0-0: Called Strike
0-1: Ball
1-1: Foul Ball, location: 2F
1-2: Foul Ball, location: 2F
1-2: Strikes out swinging
Batting: RHB Nickolas Kennedy 0-0: Ball
1-0: Ball
2-0: Called Strike
2-1: Foul Ball, location: 2F
2-2: Strikes out swinging
Batting: RHB Cole Kleiner 0-0: Fly out, F9 (Flyball, 9D, EV 101.9 MPH)
Top of the 9th over - 0 runs, 0 hits, 0 errors, 0 left on base; Seattle 8 - Montreal 1
BOTTOM OF THE 9TH
Montreal Exports batting - Pitching for Seattle Pilots : RHP Kris Hansen
Batting: RHB Al Bush 0-0: Ball
1-0: Swinging Strike
1-1: Ball
2-1: Foul Ball, location: 2F
2-2: Ball
3-2: Strikes out swinging
Batting: LHB Teddy Burch 0-0: Called Strike
0-1: Ball
1-1: Foul Ball, location: 2F
1-2: Ball
2-2: Foul Ball, location: 2F
2-2: Foul Ball, location: 2F
2-2: Strikes out looking
Batting: RHB Landon Zitter 0-0: Ball
1-0: Ground out 4-3 (Groundball, 13, EV 90.0 MPH)
Bottom of the 9th over - 0 runs, 0 hits, 0 errors, 0 left on base; Seattle 8 - Montreal 1
Monday, April 29th , 2024 - OOTP Baseball 23.10 Build 110